details: 'ffffff'

« prev index next »

General information

Mini Map

Players

team 1
Random» UndeadGanJaPuff (red | 131 APM | 2190 actions | 16:39)
Hero icon 4 Death Knight
Ability icon 2 Death Coil
Ability icon 2 Unholy Aura
Hero icon 2 Lich
Ability icon 1 Frost Nova
Ability icon 1 Frost Armor
Hero icon 2 Crypt Lord
Ability icon 1 Impale
Ability icon 1 Spiked Carapace

» actions
Assign group hotkey186
Basic commands194
Build / train64
Enter build submenu13
Enter hero's abilities submenu8
Give item / drop item3
Right click686
Select / deselect301
Select group hotkey655
Use ability80
2190 total
» units
Acolyte6
Ghoul3
Crypt Fiend14
Frost Wyrm7
30 total
» upgrades
Burrow1
Web1
Creature Attack1
3 total
» buildings
Graveyard1
Crypt1
Altar of Darkness1
Ziggurat6
Tomb of Relics1
Halls of the Dead3
Nerubian Tower1
Black Citadel4
Sacrificial Pit1
Boneyard1
20 total
» build order
00:07 Graveyard
00:12 Crypt
00:47 Altar of Darkness
00:59 Ziggurat
01:27 Tomb of Relics
02:02 Ziggurat
03:36 Halls of the Dead
03:37 Halls of the Dead
04:05 Ziggurat
05:45 Nerubian Tower
05:51 Ziggurat
06:48 Black Citadel
06:48 Black Citadel
06:49 Black Citadel
07:52 Sacrificial Pit
08:12 Ziggurat
09:30 Boneyard
12:05 Ziggurat
» items
Rod of Necromancy2
Scroll of Town Portal2
Dust of Appearance1
Orb of Corruption1
6 total
team 2
Random» Undeadboli (pink | 104 APM | 1734 actions | 16:41)
Hero icon 5 Death Knight
Ability icon 3 Death Coil
Ability icon 2 Unholy Aura
Hero icon 2 Lich
Ability icon 1 Frost Nova
Ability icon 1 Dark Ritual
Hero icon 1 Dreadlord
Ability icon 1 Sleep

» actions
Assign group hotkey21
Basic commands90
Build / train66
Enter build submenu9
Enter hero's abilities submenu11
Give item / drop item2
Right click852
Select / deselect304
Select group hotkey272
Use ability107
1734 total
» units
Acolyte9
Ghoul7
Crypt Fiend13
29 total
» upgrades
Burrow1
Creature Attack1
Web1
3 total
» buildings
Graveyard1
Crypt1
Altar of Darkness1
Ziggurat4
Tomb of Relics1
Halls of the Dead3
Nerubian Tower1
Black Citadel4
Spirit Tower1
17 total
» build order
00:07 Graveyard
00:11 Crypt
00:47 Altar of Darkness
00:56 Ziggurat
01:38 Tomb of Relics
02:00 Ziggurat
03:50 Ziggurat
04:25 Halls of the Dead
04:25 Halls of the Dead
05:07 Nerubian Tower
10:18 Black Citadel
10:18 Black Citadel
10:18 Black Citadel
11:07 Ziggurat
11:09 Spirit Tower
» items
Rod of Necromancy4
Orb of Corruption1
Scroll of Town Portal3
Potion of Healing1
Scroll of Healing1
10 total